 Dungeon Crawl Stone Soup version 0.22-a0-379-ga9d99d6 (webtiles) character file.

14298 Alphaeus the Slicer (level 12, -2/85 HPs)
             Began as an Octopode Berserker on Apr 28, 2018.
             Was a High Priest of Trog.
             Slain by an ice devil (9 damage)
             ... in an ice cave.
             The game lasted 00:16:43 (11414 turns).

Alphaeus the Slicer (Octopode Berserker)           Turns: 11414, Time: 00:16:44

Health: -2/85      AC:  1    Str: 18 (20) XL:     12   Next: 15%
Magic:  12/12      EV: 22    Int:  9 (11) God:    Trog [*****.]
Gold:   582        SH:  5    Dex: 13 (15) Spells: 11/11 levels left

rFire    + . .     SeeInvis +   R - +4 rapier (speed)
rCold    + . .     Gourm    .   Q - +0 buckler
rNeg     . . .     Faith    .   k - +0 hat {SInv}
rPois    .         Spirit   .   (no amulet)
rElec    .         Reflect  .   j - +4 ring of evasion
rCorr    .         Harm     .   (no ring)
MR       ++...                  x - +6 ring of strength
Stlth    +++++.....             H - ring of flight
HPRegen  1.24/turn              J - ring of protection from cold
MPRegen  0.13/turn              O - ring of see invisible
                                (no ring)
                                (no ring)

@: berserk cooldown, regenerating, slowed, very slow
A: almost no armour, stealthy swim, amphibious, 8 rings, constrict 8, camouflage
1, fire resistance 1, weak 1, gelatinous body 1
a: Berserk, Trog's Hand, Brothers in Arms, Renounce Religion, Evoke Flight


You were in an ice cave.
You worshipped Trog.
Trog was extremely pleased with you.
You were hungry.

You visited 2 branches of the dungeon, and saw 11 of its levels.
You also visited: Ossuary and Ice Cave.

You collected 582 gold pieces.

Inventory:

Hand Weapons
 i - a +3 short sword of draining
 q - a +0 rapier
 I - a +0 vampiric dagger
 R - a +4 rapier of speed (weapon)
Missiles
 l - 7 tomahawks of returning (quivered)
Armour
 k - a +0 hat of see invisible (worn)
 Q - a +0 buckler (worn)
Jewellery
 j - a +4 ring of evasion (left tentacle)
 x - a +6 ring of strength (on tentacle)
 D - an uncursed ring of fire
 H - a ring of flight (on tentacle)
 J - a ring of protection from cold (on tentacle)
 O - a ring of see invisible (on tentacle)
Wands
 p - a wand of clouds (2)
 C - a wand of random effects (33)
 N - a wand of iceblast (10)
Scrolls
 c - 2 scrolls of immolation {unknown}
 e - 6 scrolls of remove curse
 g - 13 scrolls of identify
 h - 4 scrolls of enchant weapon
 m - a scroll of magic mapping
 n - a scroll of fear {unknown}
 o - 2 scrolls of noise {unknown}
 s - 2 scrolls of random uselessness {unknown}
 v - 3 scrolls of amnesia {unknown}
 y - 2 scrolls of fog {unknown}
 z - a scroll of silence {unknown}
 K - a scroll of teleportation
 M - a scroll of enchant armour {unknown}
 P - a scroll of blinking {unknown}
Potions
 a - a potion of lignification {unknown}
 d - a potion of curing
 f - 3 potions of brilliance
 t - 3 potions of flight
 u - 2 potions of magic
 w - a potion of mutation
 A - a potion of agility
 E - a potion of might
 F - 2 potions of resistance
 G - 4 potions of haste {unknown}
 L - a potion of heal wounds
Comestibles
 b - 24 rations


   Skills:
 - Level 9.0 Fighting
 * Level 12.7 Short Blades
 - Level 9.0 Dodging
 - Level 10.0 Stealth
 * Level 4.7 Shields


You had 11 spell levels left.
You didn't know any spells.

Dungeon Overview and Level Annotations

Branches:
Dungeon (10/15)            Temple (0/1) D:7            Lair (1/6) D:8
    Orc: D:9-12

Altars:
Ashenzari
Elyvilon
Fedhas
Kikubaaqudgha
Makhleb
Nemelex Xobeh
Okawaru
Qazlal
Yredelemnul
Zin

Shops:
D:6 }   D:10 (


Innate Abilities, Weirdness & Mutations

You cannot wear most types of armour.
You are very stealthy in the water. (Stealth+)
You are amphibious.
You can wear up to eight rings at the same time.
You can use your tentacles to constrict eight enemies at once.
Your skin changes colour to match your surroundings (Stealth+).
Your rubbery body absorbs attacks. (AC +1, EV +1)
Your flesh is heat resistant. (rF+)
You are weak. (Str -2)


Message History

You hit the ice devil.
You squeeze the ice devil, but do no damage.
The ice devil is lightly wounded.
You constrict the ice devil, but do no damage.
You hit the ice devil.
The ice devil is lightly wounded.
You constrict the ice devil. The ice devil completely misses you.
You hit the ice devil but do no damage. You squeeze the ice devil.
The ice devil is moderately wounded.
You constrict the ice devil, but do no damage.
You hit the ice devil but do no damage.
The ice devil is moderately wounded.
You constrict the ice devil. The ice devil hits you!
* * * LOW HITPOINT WARNING * * *
The ice devil freezes you. You resist.
* * * LOW HITPOINT WARNING * * *
You feel better.
You constrict the ice devil. The ice devil hits you!
* * * LOW HITPOINT WARNING * * *
The ice devil freezes you! You resist.
You die...

##.#.##
#..§#.§.####..#
#....## #...#§..§§§...
##....###...#§§§§§§..#
.#....##....###§§#...#
.##...##......##§#..#
..#.[##..#.....#.#..#
..####..###.......##
#.###...# #.....4..#
##..#..## ##....@..#
#....## #......##
##..## ##.....# ####
##...## ##.## ###


You could see an ice devil.

Vanquished Creatures
  The ghost of Gorfmaster the Cleaver, a novice MiFi of the Shining One (D:10)
  Joseph (D:8)
  Maurice (D:9)
  A centaur skeleton (D:10)
  2 ice statues (IceCv)
  A spiny frog (Lair:1)
  8 ice devils
  A troll (D:9)
  A hippogriff (D:8)
  10 yaks
  3 hogs (D:7)
  2 steam dragons (D:5)
  A human (D:7)
  A hungry ghost (D:8)
  Menkaure (D:7)
  Duvessa (D:7)
  A porcupine (Lair:1)
  4 orc warriors
  3 sky beasts
  2 ice beasts
  A black bear (D:8)
  5 ogres (D:8)
  The ghost of schwasted the Chopper, an amateur HOFi of Sif Muna (D:3)
  2 necrophages
  3 centaurs
  2 phantoms
  3 crocodiles
  Blork the orc (D:6)
  4 big kobolds
  8 bullfrogs
  Dowan (D:7)
  5 water moccasin zombies (Ossuary)
  3 scorpions
  11 killer bees
  3 howler monkeys
  3 crimson imps
  2 bullfrog zombies
  A quasit (D:8)
  6 jellies
  2 bullfrog skeletons
  4 hounds
  5 orc priests
  3 iguanas
  15 orc wizards
  11 worker ants
  3 big kobold zombies (Ossuary)
  3 hound skeletons
  2 mummies (Ossuary)
  A worker ant zombie (D:8)
  3 gnolls (D:8)
  11 adders
  5 shadow imps
  7 white imps (IceCv)
  4 ufetubi (IceCv)
  4 adder zombies (Ossuary)
  3 oozes
  An adder skeleton (D:9)
  2 worms
  A dart slug (D:1)
  4 leopard geckos
  42 orcs
  2 giant cockroaches
  11 goblins
  9 hobgoblins
  4 jackals (D:6)
  20 kobolds
  6 quokkas
  9 bats
  4 frilled lizards
  4 gnoll zombies (Ossuary)
  4 hobgoblin zombies (Ossuary)
  6 kobold zombies (Ossuary)
  4 orc zombies (Ossuary)
  13 rats
343 creatures vanquished.

Vanquished Creatures (collateral kills)
  A death yak (D:8)
1 creature vanquished.

Vanquished Creatures (others)
  4 white imps (IceCv)
  5 ufetubi (IceCv)
  A fungus (D:8)
  A plant (D:8)
11 creatures vanquished.

Grand Total: 355 creatures vanquished

Notes
Turn   | Place    | Note
-------+----------+-------------------------------------------
     0 | D:1      | Alphaeus the Octopode Berserker began the quest for the Orb.
     0 | D:1      | Reached XP level 1. HP: 16/16 MP: 1/1
    25 | D:1      | Reached skill level 1 in Stealth
   183 | D:1      | Reached XP level 2. HP: 21/21 MP: 2/2
   569 | D:1      | Reached XP level 3. HP: 26/26 MP: 3/3
   877 | D:2      | Found a sparkling altar of Nemelex Xobeh.
   878 | D:2      | Reached ** piety under Trog
   929 | D:2      | Reached skill level 5 in Stealth
   945 | D:2      | Reached XP level 4. HP: 26/31 MP: 4/4
  1111 | D:2      | Found a stormy altar of Qazlal.
  1175 | D:2      | Found an ancient bone altar of Kikubaaqudgha.
  1411 | D:2      | Found a glowing silver altar of Zin.
  1711 | D:3      | Noticed schwasted's ghost (amateur HOFi)
  1724 | D:3      | Killed schwasted's ghost
  1724 | D:3      | Reached XP level 5. HP: 36/36 MP: 5/5
  1819 | D:3      | Noticed a phantom
  1880 | D:3      | Killed a phantom
  1880 | D:3      | Reached XP level 6. HP: 20/42 MP: 6/6
  2242 | D:3      | Found a burning altar of Makhleb.
  2273 | D:3      | Found a shattered altar of Ashenzari.
  2845 | D:4      | Got a pitted spear
  2846 | D:4      | Identified the +6 spear "Gola Ycapuu" {drain, Int+4 Dex+3 Stlth+} (You found it on level 4 of the Dungeon)
  2869 | D:4      | Found a basalt altar of Yredelemnul.
  2882 | D:4      | Reached XP level 7. HP: 42/46 MP: 7/7
  2889 | D:4      | Reached skill level 10 in Stealth
  2891 | D:4      | Reached *** piety under Trog
  3216 | D:5      | Entered Level 5 of the Dungeon
  3225 | D:5      | Found a basalt altar of Yredelemnul.
  3498 | D:5      | Noticed a steam dragon
  3500 | D:5      | Noticed a steam dragon
  3505 | D:5      | Killed a steam dragon
  3505 | D:5      | Reached skill level 4 in Short Blades
  3508 | D:5      | Killed a steam dragon
  3508 | D:5      | Reached XP level 8. HP: 54/54 MP: 8/8
  3692 | D:6      | Reached skill level 5 in Short Blades
  3762 | D:6      | Noticed Blork the orc
  3766 | D:6      | Killed Blork the orc
  4041 | D:6      | Found Piytz's Gadget Shoppe.
  4193 | D:6      | Reached skill level 6 in Short Blades
  4568 | D:7      | Found a staircase to the Ecumenical Temple.
  4581 | D:7      | Reached skill level 5 in Fighting
  4788 | D:7      | Found a sand-covered staircase.
  4793 | Ossuary  | Entered an ossuary
  4816 | Ossuary  | Reached skill level 5 in Dodging
  5065 | Ossuary  | Reached **** piety under Trog
  5065 | Ossuary  | Reached XP level 9. HP: 61/61 MP: 9/9
  5277 | Ossuary  | Reached skill level 7 in Short Blades
  5513 | D:7      | Noticed Duvessa
  5521 | D:7      | Noticed Dowan
  5524 | D:7      | Killed Duvessa
  5528 | D:7      | Killed Dowan
  5710 | D:7      | Noticed Menkaure
  5720 | D:7      | Killed Menkaure
  5899 | D:7      | Reached skill level 8 in Short Blades
  6019 | D:7      | Reached XP level 10. HP: 69/69 MP: 10/10
  6137 | D:7      | Found a white marble altar of Elyvilon.
  6222 | D:7      | Reached skill level 9 in Short Blades
  6697 | D:8      | Reached ***** piety under Trog
  7054 | D:8      | Noticed Joseph
  7077 | D:8      | Reached skill level 10 in Short Blades
  7078 | D:8      | HP: 3/71 [Joseph/uncursed quarterstaff (11)]
  7080 | D:8      | Killed Joseph
  7089 | D:8      | HP: 1/71 [ice beast (18)]
  7269 | D:8      | Noticed a death yak
  7381 | D:8      | Received a gift from Trog
  7621 | D:8      | Killed a death yak
  7766 | D:8      | Found a staircase to the Lair.
  7792 | D:8      | Reached XP level 11. HP: 60/77 MP: 11/11
  8218 | D:9      | Reached skill level 11 in Short Blades
  8278 | D:9      | Found an iron altar of Okawaru.
  8693 | D:9      | Noticed Maurice
  8701 | D:9      | Killed Maurice
  8921 | D:10     | Entered Level 10 of the Dungeon
  8992 | D:10     | Found a blossoming altar of Fedhas.
  9003 | D:10     | Received a gift from Trog
  9286 | D:10     | Found Jovvots's Weapon Emporium.
  9420 | D:10     | Noticed Gorfmaster's ghost (novice MiFi)
  9450 | D:10     | Killed Gorfmaster's ghost
  9450 | D:10     | Reached skill level 12 in Short Blades
  9583 | D:10     | Reached skill level 1 in Shields
  9982 | Lair:1   | Entered Level 1 of the Lair of Beasts
 10192 | Lair:1   | Found a frozen archway.
 10217 | IceCv    | Entered an ice cave
 10219 | IceCv    | Gained mutation: You are weak. (Str -2) [potion of mutation]
 10219 | IceCv    | Gained mutation: Your flesh is heat resistant. (rF+) [potion of mutation]
 10737 | IceCv    | Reached XP level 12. HP: 85/85 MP: 12/12
 11414 | IceCv    | Slain by an ice devil

Vault maps used:
D:1:      dpeg_arrival_ratfight, minmay_pentomino_s4
D:2:      grunt_qazlal_clouds, nicolae_overflow_crystal_walls,
          marbit_many_paths, nemelex_xobeh_ov_fountains_minmay, kennysheep_boxes
D:3:      nicolae_overflow_hidden_temple, st_stairs_14,
          minmay_tree_intersection, evilmike_ruin_ashenzari
D:4:      first_ration, yredelemnul_altar_generic
D:5:      kennysheep_steamy, overflow_temple_1_default
D:6:      serial_shops, kennysheep_little_box, uniq_blork_the_orc
D:7:      kennysheep_mini, minmay_temple_entry_statues_fountains,
          enter_ossuary_2, grunt_livestock, minmay_misc_feat_cross,
          minmay_misc_feat_columns, uniq_duvessa, uniq_menkaure
D:8:      minmay_four_partial_circles, david_lair_generic, uniq_joseph
D:9:      okawaru_ov_weapons_minmay, uniq_maurice
D:10:     serial_shops, shop, fedhas_altar_2
Lair:1:   portal_ice_cave_demonic_guard, grunt_megastairs_5,
          infiniplex_staircase_pool_2
Ossuary:  ossuary_tomb_2
IceCv:    ice_cave_small_demon

Skill      XL: |  1  2  3  4  5  6  7  8  9 10 11 12 |
---------------+-------------------------------------+-----
Stealth        | 2 3 5 7 8 9 10 | 10.0
Short Blades   | 4 6 8 10 12 | 12.7
Fighting       | 5 6 8 9 |  9.0
Dodging        | 5 6 8 9 |  9.0
Shields        | 3 4 |  4.7

Action                   |  1- 3 |  4- 6 |  7- 9 | 10-12 || total
-------------------------+-------+-------+-------+-------++-------
Melee: Short sword       |    55 |   105 |   186 |   286 ||   632
       Constrict         |    14 |    15 |    41 |    80 ||   150
       Tentacles         |     9 |    13 |    50 |   145 ||   217
       Rapier            |       |       |       |   241 ||   241
Invok: Berserk           |       |     2 |     4 |     8 ||    14
       Trog's Hand       |       |       |       |     5 ||     5
       Brothers in Arms  |       |       |       |     2 ||     2
  Use: Potion            |       |     1 |     1 |    22 ||    24
       Scroll            |       |     1 |     4 |     2 ||     7
 Stab: Sleeping          |    18 |    13 |    33 |    17 ||    81
       Distracted        |       |       |     1 |     2 ||     3
       Invisible         |       |       |       |     5 ||     5
  Eat: Chunk             |       |     7 |    13 |    19 ||    39
       Ration            |       |       |       |     3 ||     3
Armor: Skin              |       |     3 |     6 |     5 ||    14
Dodge: Dodged            |    21 |    84 |    78 |   313 ||   496
Block: Buckler           |       |       |       |     5 ||     5

Table legend:
 A = Spawn XP
 B = Non-spawn XP
 C = Spawn XP percentage of total XP
 D = Spawn monster count
 E = Non-spawn monster count
 F = Spawn count percentage of total count
 G = Total turns spent on level
                    A         B        C        D         E        F      G
               +---------+---------+-------+---------+---------+-------+---------
         Total |       0 |   20426 |   0.0 |       0 |     344 |   0.0 | 11414
               +---------+---------+-------+---------+---------+-------+---------
           D:1 |       0 |      52 |   0.0 |       0 |      27 |   0.0 |   877
           D:2 |       0 |      53 |   0.0 |       0 |      21 |   0.0 |   830
           D:3 |       0 |     287 |   0.0 |       0 |      22 |   0.0 |   717
           D:4 |       0 |     268 |   0.0 |       0 |      15 |   0.0 |   792
           D:5 |       0 |     558 |   0.0 |       0 |       9 |   0.0 |   396
           D:6 |       0 |     761 |   0.0 |       0 |      19 |   0.0 |   956
           D:7 |       0 |    2371 |   0.0 |       0 |      34 |   0.0 |  1402
           D:8 |       0 |    4692 |   0.0 |       0 |      74 |   0.0 |  1489
           D:9 |       0 |    1633 |   0.0 |       0 |      20 |   0.0 |   880
          D:10 |       0 |    4744 |   0.0 |       0 |      46 |   0.0 |  1012
        Lair:1 |       0 |    1393 |   0.0 |       0 |       6 |   0.0 |   235
       Ossuary |       0 |     543 |   0.0 |       0 |      32 |   0.0 |   631
         IceCv |       0 |    3071 |   0.0 |       0 |      19 |   0.0 |  1197
               +---------+---------+-------+---------+---------+-------+---------
